 Dungeon Crawl Stone Soup version 0.31.0-11-ge490571c62 (webtiles) character file.

Game seed: 6838819266645903370

56 hikkokomori the Cutter (level 4, -1/32 HPs)
             Began as a Formicid Wanderer on Feb 2, 2024.
             Slain by an adder (3 damage)
             ... on level 2 of the Dungeon.
             The game lasted 00:04:38 (1140 turns).

hikkokomori the Cutter (Formicid Wanderer)          Turns: 1140, Time: 00:04:38

Health: -1/32      AC:  4    Str: 18    XL:     4   Next: 15%
Magic:  8/8        EV: 11    Int: 14    God:
Gold:   80         SH:  0    Dex: 11    Spells: 7/8 levels left

rFire   . . .        i - +1 dagger (elec)
rCold   . . .        (no shield)
rNeg    . . .        d - +0 leather armour
rPois   .            (helmet unavailable)
rElec   .            (no cloak)
rCorr   .            (no gloves)
SInv    +            b - +0 pair of boots
Will    .....        (no amulet)
Stlth   ++           (no ring)
HPRegen 0.25/turn    (no ring)
MPRegen 0.11/turn

%: no passive effects
@: lethally poisoned (-1 -> -5), attractive
A: permanent stasis, dig shafts and tunnels, antennae 3, four strong arms
a: Dig, Shaft Self


You were on level 2 of the Dungeon.
You visited 1 branch of the dungeon, and saw 2 of its levels.

You collected 80 gold pieces.

Inventory:

Hand Weapons
 a - a +2 short sword
 i - a +1 dagger of electrocution (weapon)
Missiles
 l - a throwing net
Armour
 b - a +0 pair of boots (worn)
 d - a +0 leather armour (worn)
Scrolls
 g - a scroll of noise
 k - 3 scrolls of identify
Potions
 c - a potion of might
 h - 2 potions of magic
 j - a potion of enlightenment


   Skills:
 + Level 1.1 Fighting
 - Level 4.1 Short Blades
 - Level 1.7 Dodging
 + Level 2.6 Stealth
 + Level 2.8 Spellcasting
 + Level 1.9 Necromancy


You had 7 spell levels left.
You knew the following spells:

 Your Spells              Type           Power      Damage    Failure   Level
a - Necrotise             Necr           28%        1d5       12%         1

Your spell library contained the following spells:

 Spells                   Type           Power      Damage    Failure   Level
 Vampiric Draining        Necr           7%         2d6       34%         3
 Martyr's Knell           Necr/Summ      4%         N/A       86%         4
 Curse of Agony           Necr           7%         N/A       97%         5


Dungeon Overview and Level Annotations

Branches:
Dungeon (2/15)

Altars:


Innate Abilities, Weirdness & Mutations

You cannot be hasted, slowed, berserked, paralysed or teleported.
You can dig through walls and to a lower floor.
You have a pair of large antennae on your head. (SInv)
Your four strong arms can wield two-handed weapons with a shield.


Message History

Okay, then.
Press: ? - help, v - describe, . - travel
Here: an adder The floor.
Casting: Necrotise (safe; 12% risk of failure)
Confirm with . or Enter, or press ? or * to list all spells.
Okay, then.
You hit the adder.
The adder is moderately wounded.
You feel sick. The adder barely misses you.
Unknown command.
You barely miss the adder.
The adder is moderately wounded.
The adder barely misses you.
Unknown command.
You closely miss the adder.
The adder is moderately wounded.
You feel sick. The adder bites you.
* * * LOW HITPOINT WARNING * * *
You are more poisoned.
The adder poisons you!
Unknown command.
Unknown command.
You hit the adder.
The adder is heavily wounded.
* * * LOW HITPOINT WARNING * * *
You feel sick. The adder bites you.
* * * LOW HITPOINT WARNING * * *
Unknown command.
Okay, then.
As you read the scroll labelled DIJEKU SA POA, it crumbles to dust.
You feel a strange sense of stasis.
It was a scroll of teleportation.
* * * LOW HITPOINT WARNING * * *
You feel sick. The adder closely misses you.
Unknown command.
Unknown command.
Okay, then.
* * * LOW HITPOINT WARNING * * *
You feel sick. The adder bites you.
You die...

.. .## ..#
..### ....
.#######..#
.......KK.#
#S# #@# #.####
#....###.#
##.......#
###.#.#####
#.....#
#.######.#.#.#
#.#
#............#
#.#
########.#.#.#
#.#


You could see an adder and 2 kobolds.

Vanquished Creatures
  A ribbon worm (D:2)
  8 ball pythons
  A bat (D:1)
  4 endoplasms
  A giant cockroach (D:1)
  5 goblins (D:1)
  4 hobgoblins
  7 jackals
  3 quokkas
  3 frilled lizards
  5 kobolds
  2 rats (D:1)
44 creatures vanquished.

Vanquished Creatures (collateral kills)
  A jackal (D:1)
1 creature vanquished.

Grand Total: 45 creatures vanquished

Notes
Turn   | Place    | Note
-------+----------+-------------------------------------------
     0 | D:1      | hikkokomori the Formicid Wanderer began the quest for the
                  | Orb.
     0 | D:1      | hikkokomori set off with the following items: a +2 short
                  | sword, a +0 pair of boots, a potion of might, a +0 leather
                  | armour; and the following spell memorised: Necrotise; and
                  | the following spells available to memorise: Vampiric
                  | Draining.
     0 | D:1      | Reached XP level 1. HP: 13/13 MP: 3/3
   101 | D:1      | Reached XP level 2. HP: 16/19 MP: 5/5
   513 | D:1      | Reached XP level 3. HP: 23/24 MP: 3/6
  1039 | D:2      | Reached XP level 4. HP: 31/31 MP: 8/8
  1052 | D:2      | Reached skill level 1 in Fighting
  1140 | D:2      | Slain by an adder

Illustrated notes

Levels and vault maps discovered:
D:1:      grunt_arrival_crossed_arrows, layout_basic, serial_bayou_lake_a
D:2:      minmay_razor_zed, layout_loops_ring, chequers_arboretum,
          skrybe_limestone_x

Skill      XL: |  1  2  3  4 |
---------------+-------------+-----
Stealth        | 2 |  2.6
Fighting       | 1 |  1.1
Short Blades   | |  4.1
Dodging        | |  1.7
Spellcasting   | |  2.8
Necromancy     | |  1.9

Action                     |  1- 3 |  4- 6 || total
---------------------------+-------+-------++-------
  Melee: Short sword       |    75 |       ||    75
         Punch             |     2 |       ||     2
         Dagger            |    58 |    18 ||    76
   Cast: Necrotise         |    11 |       ||    11
Ability: Shaft Self        |       |     1 ||     1
    Use: Scroll            |     3 |     1 ||     4
         Potion            |       |     1 ||     1
   Stab: Sleeping          |     1 |     1 ||     2
 Armour: Leather armour    |    61 |    13 ||    74
  Dodge: Dodged            |    72 |    11 ||    83
